 Dungeon Crawl Stone Soup version 0.31-a0-202-g547052bce9 (webtiles) character file.

Game seed: 17812399764297147638

32 qw the Shooter (level 3, 0/20 HPs)
             Began as a Deep Elf Hunter on June 26, 2023.
             Slain by a frilled lizard (1 damage)
             ... on level 2 of the Dungeon.
             The game lasted 00:00:20 (932 turns).

qw the Shooter (Deep Elf Hunter)                     Turns: 932, Time: 00:00:20

Health: 0/20       AC:  6    Str: 10    XL:     3   Next: 8%
Magic:  5/5        EV:  9    Int: 13    God:
Gold:   34         SH:  0    Dex: 18    Spells: 2/2 levels left

rFire   . . .        Y - +1 shortbow
rCold   . . .        (shield currently unavailable)
rNeg    . . .        g - +0 scale mail
rPois   .            (no helmet)
rElec   .            (no cloak)
rCorr   .            (no gloves)
SInv    .            (no boots)
Will    .....        (no amulet)
Stlth   +            (no ring)
HPRegen 0.23/turn    (no ring)
MPRegen 0.09/turn

%: no passive effects
@: no status effects
A: no striking features
a: no special abilities


You were on level 2 of the Dungeon.
You visited 1 branch of the dungeon, and saw 2 of its levels.

You collected 34 gold pieces.


   Skills:
 - Level 1.5 Fighting
 + Level 6.7 Ranged Weapons
 - Level 2.4 Dodging
 - Level 1.2 Stealth


You had 2 spell levels left.
You didn't know any spells.
Your spell library was empty.

Inventory:

Hand Weapons
 Y - a +1 shortbow (weapon)
Armour
 a - a +0 pair of boots
 g - a +0 scale mail (worn)
Scrolls
 b - a scroll of identify
Potions
 f - a potion of enlightenment {unknown}

Dungeon Overview and Level Annotations

Branches:
Dungeon (2/15)

Altars:


Message History

The jackal barely misses you. The hobgoblin closely misses you.
You have reached level 3!
Your experience leads to an increase in your attributes!
Increase (S)trength, (I)ntelligence, or (D)exterity?
You feel stronger. x2
You shoot an arrow. The arrow barely misses the jackal.
The jackal bites you but does no damage.
The hobgoblin closely misses you.
The jackal bites you but does no damage.
You shoot an arrow. The arrow hits the jackal.
The jackal is heavily wounded.
The jackal bites you. x2
The frilled lizard bites you but does no damage.
The hobgoblin hits you.
The jackal bites you but does no damage.
The jackal closely misses you.
The hobgoblin hits you but does no damage.
The frilled lizard bites you but does no damage.
You shoot an arrow. The arrow hits the jackal!
You kill the jackal!
The bat hits you but does no damage. The jackal bites you.
The jackal closely misses you.
The frilled lizard bites you but does no damage.
The hobgoblin closely misses you.
You shoot an arrow. The arrow hits the jackal.
The jackal is almost dead.
The bat hits you but does no damage. The jackal bites you.
The frilled lizard barely misses you. The hobgoblin hits you.
The jackal bites you but does no damage.
You shoot an arrow. The arrow hits the jackal.
You kill the jackal!
The bat hits you but does no damage.
The hobgoblin hits you but does no damage.
The frilled lizard barely misses you. The frilled lizard bites you.
The hobgoblin hits you.
You shoot an arrow. The arrow barely misses the bat.
The bat hits you but does no damage.
The hobgoblin hits you but does no damage.
The frilled lizard bites you.
You die...

). .. ... .#.##. ...
......##.####
#...........###.
#........#......
.............# ..
#....gl....##
...#...b%@##...#
#..............# # ..
#......######... .##.#
#.###....####
.#..#####.###.##..>.##
##.###..........###..#
...........<..#.####.######
%.............%...........# .
.....................####....


You could see a hobgoblin, a bat and a frilled lizard.

Vanquished Creatures
  2 dart slugs (D:2)
  3 bats
  An endoplasm (D:1)
  2 giant cockroaches (D:1)
  3 hobgoblins (D:1)
  3 jackals (D:2)
  2 ball pythons (D:1)
  A frilled lizard (D:2)
  2 goblins (D:1)
  4 kobolds (D:1)
  3 rats (D:1)
26 creatures vanquished.

Notes
Turn   | Place    | Note
-------+----------+-------------------------------------------
     0 | D:1      | qw the Deep Elf Hunter began the quest for the Orb.
     0 | D:1      | Reached XP level 1. HP: 12/12 MP: 3/3
     0 | D:1      | 0 ||| qw: Version: 0.3-a-22-g0ed2b0b
     0 | D:1      | 0 ||| qw: Game counter: 6128
     0 | D:1      | 0 ||| qw: Melee chars always use a shield: true
     0 | D:1      | 0 ||| qw: God list: Okawaru
     0 | D:1      | 0 ||| qw: Allow faded altars: false
     0 | D:1      | 0 ||| qw: Do Orc after clearing Dungeon:15 true
     0 | D:1      | 0 ||| qw: Do second Lair branch before Depths: true
     0 | D:1      | 0 ||| qw: Lair rune preference: random
     0 | D:1      | 0 ||| qw: Goals: Normal
     0 | D:1      | 0 ||| PLANNING D:1-11
    83 | D:1      | 83 ||| Stepping ~*~*~tactically~*~*~ (water).
    85 | D:1      | 85 ||| Stepping ~*~*~tactically~*~*~ (water).
   174 | D:1      | Reached skill level 6 in Ranged Weapons
   174 | D:1      | Reached XP level 2. HP: 16/16 MP: 4/4
   807 | D:1      | 807 ||| UPGRADING to +0 scale mail.
   817 | D:1      | 817 ||| DROPPING +0 leather armour.
   818 | D:1      | 818 ||| READING scroll labelled SELAUL YFEDULU.
   819 | D:1      | 819 ||| READING scroll labelled SALYKLAREMU.
   820 | D:1      | 820 ||| READING scroll labelled FUMITACRONNA.
   821 | D:1      | 821 ||| DROPPING scroll of butterflies.
   927 | D:2      | Reached XP level 3. HP: 13/20 MP: 5/5
   930 | D:2      | HP: 4/20 [hobgoblin (2)]
   931 | D:2      | HP: 1/20 [hobgoblin (2)]
   932 | D:2      | Slain by a frilled lizard

Levels and vault maps discovered:
D:1:      erik_arrival_triangle_medium, layout_basic, serial_bayou_crossing
D:2:      layout_rooms

Skill      XL: |  1 |
---------------+----+-----
Ranged Weapons | 6 |  6.7
Fighting       | |  1.5
Dodging        | |  2.4
Stealth        | |  1.2

Action                     || total
---------------------------++-------
   Fire: Shortbow          ||    81
    Use: Scroll            ||     3
 Armour: Leather armour    ||     6
         Scale mail        ||    20
  Dodge: Dodged            ||    40

Table legend:
 A = Non-vault XP
 B = Vault XP
 C = Vault XP percentage of total XP
 D = Non-vault monster count
 E = Vault monster count
 F = Vault count percentage of total count
                 A         B        C        D         E       F
            +---------+---------+-------+---------+---------+-------
      Total |      46 |       0 |   0.0 |      26 |       0 |   0.0
            +---------+---------+-------+---------+---------+-------
        D:1 |      30 |       0 |   0.0 |      19 |       0 |   0.0
        D:2 |      16 |       0 |   0.0 |       7 |       0 |   0.0
            +---------+---------+-------+---------+---------+-------
